 Dungeon Crawl Stone Soup version 0.25.1-8-g42b30a86e7 (webtiles) character file.

Game seed: 12928049659662854017

45 Araneus the Cudgeler (level 3, 0/31 HPs)
             Began as a Demonspawn Fighter on Nov 24, 2020.
             Succumbed to an adder's poison
             ... on level 2 of the Dungeon on Dec 2, 2020.
             The game lasted 00:04:07 (1271 turns).

Araneus the Cudgeler (Demonspawn Fighter)           Turns: 1271, Time: 00:04:08

Health: 0/31       AC:  7    Str: 17    XL:     3   Next: 42%
Magic:  3/3        EV:  6    Int:  9    God:
Gold:   20         SH:  8    Dex: 12    Spells: 2/2 levels left

rFire    . . .     SeeInvis .   a - +0 flail
rCold    . . .     Gourm    .   c - +0 kite shield
rNeg     . . .     Faith    .   b - +0 scale mail
rPois    .         Spirit   .   (helmet restricted)
rElec    .         Reflect  .   (no cloak)
rCorr    .         Harm     .   (no gloves)
MR       .....                  (no boots)
Stlth    ..........             (no amulet)
HPRegen  0.10/turn              (no ring)
MPRegen  0.08/turn              (no ring)

@: lethally poisoned (0 -> -13)
A: horns 2, robust 1, shaggy fur 1
a: no special abilities


You were on level 2 of the Dungeon.
You were not hungry.

You visited 1 branch of the dungeon, and saw 2 of its levels.

You collected 20 gold pieces.

Inventory:

Hand Weapons
 a - a +0 flail (weapon)
Armour
 b - a +0 scale mail (worn)
 c - a +0 kite shield (worn)
Jewellery
 j - an uncursed amulet of reflection {unknown}
Scrolls
 e - a scroll of teleportation {unknown}
 h - a scroll of remove curse {unknown}
 i - a scroll of blinking {unknown}
 k - a scroll of enchant armour {unknown}
 l - 3 scrolls of identify {unknown}
 m - a scroll of magic mapping {unknown}
Potions
 d - 2 potions of might
Comestibles
 f - a ration
 g - 6 chunks of flesh


   Skills:
 - Level 3.0 Fighting
 + Level 3.5 Maces & Flails
 - Level 2.6 Armour
 - Level 2.6 Shields


You had 2 spell levels left.
You didn't know any spells.
Your spell library was empty.

Dungeon Overview and Level Annotations

Branches:
Dungeon (2/15)

Altars:


Innate Abilities, Weirdness & Mutations

You have a pair of horns on your head.
You are robust. (+10% HP)
You are covered in fur. (AC +1)


Message History

The adder is moderately wounded.
You feel sick. The adder bites you but does no damage.
You block the adder's attack.
You hit the adder.
The adder is severely wounded.
You feel sick. You block the adder's attack.
You miss the adder.
The adder is severely wounded.
You feel sick. The adder bites you but does no damage. The adder bites you.
* * * LOW HITPOINT WARNING * * *
You are more poisoned.
The adder poisons you!
You closely miss the adder.
The adder is severely wounded.
* * * LOW HITPOINT WARNING * * *
You feel sick. You block the adder's attack. The adder bites you.
* * * LOW HITPOINT WARNING * * *
You miss the adder.
The adder is severely wounded.
You die...

##################
#.......##........
#.. ...##.#####.#
#.#####.##.#####.#
#S##.............#
#@##.##.##.#####.#
#.....>.##.#####.#
#.......##.......#
#####.#####.......
#.# #....... #.#
#....... #.#
#....... #.#
#....... #.#
#.......


You could see an adder.

Vanquished Creatures
  An adder (D:2)
  4 dart slugs (D:1)
  A leopard gecko (D:1)
  3 bats
  A giant cockroach (D:1)
  2 goblins (D:1)
  2 hobgoblins (D:1)
  4 jackals (D:2)
  2 kobolds
  A quokka (D:2)
  2 frilled lizards
  3 rats
26 creatures vanquished.

Notes
Turn   | Place    | Note
-------+----------+-------------------------------------------
     0 | D:1      | Araneus the Demonspawn Fighter began the quest for the Orb.
     0 | D:1      | Reached XP level 1. HP: 18/18 MP: 1/1
     0 | D:1      | Upgraded the game from 0.25.1-3-ge44b62a0b3 to
                  | 0.25.1-8-g42b30a86e7
   100 | D:1      | Gained mutation: You have a pair of small horns on your
                  | head. [demonic ancestry]
   100 | D:1      | Reached XP level 2. HP: 22/24 MP: 2/2
  1128 | D:2      | Gained mutation: You are robust. (+10% HP) [potion of
                  | mutation]
  1128 | D:2      | Gained mutation: You are covered in fur. (AC +1) [potion of
                  | mutation]
  1133 | D:2      | Gained mutation: You have a pair of horns on your head.
                  | [demonic ancestry]
  1133 | D:2      | Reached XP level 3. HP: 28/31 MP: 3/3
  1270 | D:2      | HP: 1/31 [adder (2)]
  1271 | D:2      | Succumbed to an adder's poison

Illustrated notes

Levels and vault maps discovered:
D:1:      beargit_arrival_greenhouse, layout_basic, serial_co_window_serial,
          co_window_corner_a, co_window_of_opportunity_a,
          co_window_of_opportunity_a, co_window_of_opportunity_a,
          co_window_paths_a, co_window_2corner, co_window_of_opportunity_c,
          co_window_cross_2, co_window_broadway_c, glass_columns_c,
          glass_columns_a, glass_columns_a, glass_columns_a, glass_columns_a
D:2:      layout_loops_cross, chequers_serial_rivers_room_a, uniq_robin

Skill      XL: |  1  2 |
---------------+-------+-----
Maces & Flails | 2 3 |  3.5
Fighting       | |  3.0
Armour         | |  2.6
Shields        | |  2.6

Action                   || total
-------------------------++-------
Melee: Flail             ||   110
       Headbutt          ||    10
  Use: Potion            ||     2
  Eat: Chunk             ||     1
Armor: Scale mail        ||    57
Dodge: Dodged            ||    42
Block: Kite shield       ||    55
